 Dungeon Crawl Stone Soup version 0.17-a0-1769-g54adf96 (webtiles) character file.

4358 Magnus the Fighter (level 10, -2/82 HPs)
             Began as a Human Skald on Sept 7, 2015.
             Was a Follower of Ashenzari.
             Slain by a warg (16 damage)
             ... on level 8 of the Dungeon.
             The game lasted 00:55:29 (14148 turns).

Magnus the Fighter (Human Skald)                   Turns: 14148, Time: 00:55:29

Health: -2/82      AC: 11    Str: 17    XL:     10   Next: 60%
Magic:  17/20      EV: 15    Int: 13    God:    Ashenzari [*.....]
Gold:   288        SH:  0    Dex: 13    Spells: 3 memorised, 6 levels left

rFire  . . .     SeeInvis .     a - +1 falchion (curse)
rCold  + + .     Clarity  .     H - +1 leather armour {rC+}
rNeg   . . .     SustAt   .     (no shield)
rPois  .         Gourm    .     (no helmet)
rElec  .         Spirit   .     l - +0 cloak (curse)
rCorr  .         Warding  .     B - +0 pair of gloves (curse)
rMut   .         Stasis   .     o - +0 pair of boots (curse)
MR     .....                    (no amulet)
Stlth  +.........               v - ring of magical power
                                s - +4 ring of protection (curse)

@: not resistant to hostile enchantments, very unstealthy
A: cold resistance 1, low mp 1, slow healing 1, strong 1
a: Scrying, Renounce Religion


You were on level 8 of the Dungeon.
You worshipped Ashenzari.
Ashenzari was aware of your devotion.
You were not hungry.

You visited 2 branches of the dungeon, and saw 9 of its levels.

You collected 486 gold pieces.
You spent 198 gold pieces at shops.

Inventory:

Hand weapons
 a - a cursed +1 falchion (weapon)
Missiles
 g - 3 throwing nets (quivered)
Armour
 l - a cursed +0 cloak (worn)
 o - a cursed +0 pair of boots (worn)
 p - a +1 chain mail of fire resistance
 B - a cursed +0 pair of gloves (worn)
 H - a +1 leather armour of cold resistance (worn)
Jewellery
 s - a cursed +4 ring of protection (left hand)
 t - an uncursed ring of protection from fire
 v - a ring of magical power (right hand)
 I - an uncursed ring of protection from cold
Scrolls
 e - 2 scrolls of curse jewellery
 h - a scroll of silence {unknown}
 k - a scroll of magic mapping {unknown}
 m - 7 scrolls of identify
 n - 4 scrolls of teleportation
 r - 3 scrolls of blinking
 D - 3 scrolls of curse weapon
 G - 6 scrolls of remove curse
Potions
 f - 2 potions of haste
 i - 2 potions of heal wounds {unknown}
 j - 3 potions of brilliance
 x - 2 potions of flight {unknown}
 z - 3 potions of might {unknown}
Books
 c - a book of Battle

   Spells                             Type                      Level
   a - Infusion                       Charms                       1
   b - Shroud of Golubria             Charms/Translocation         2
   c - Song of Slaying                Charms                       2
   d - Spectral Weapon                Hexes/Charms                 3
   e - Regeneration                   Charms/Necromancy            3
 u - a book of Power

   Spells                             Type                      Level
   a - Fulminant Prism                Conjuration/Hexes            4
   b - Iskenderun's Mystic Blast      Conjuration                  4
   c - Venom Bolt                     Conjuration/Poison           5
   d - Bolt of Magma                  Conjuration/Fire/Earth       5
   e - Iron Shot                      Conjuration/Earth            6
   f - Orb of Destruction             Conjuration                  7
   g - Spellforged Servitor           Conjuration/Summoning        7
 y - Lumick's Grimoire of Arcane Weapons
   (You found it on level 6 of the Dungeon)

   Spells                             Type                      Level
   a - Searing Ray                    Conjuration                  2
   b - Dazzling Spray                 Conjuration/Hexes            3
   c - Bolt of Draining               Conjuration/Necromancy       5
   d - Venom Bolt                     Conjuration/Poison           5
   e - Fireball                       Conjuration/Fire             5
 A - a book of Geomancy

   Spells                             Type                      Level
   a - Sandblast                      Earth                        1
   b - Stoneskin                      Transmutation/Earth          2
   c - Passwall                       Transmutation/Earth          3
   d - Stone Arrow                    Conjuration/Earth            3
   e - Petrify                        Transmutation/Earth          4
   f - Lee's Rapid Deconstruction     Earth                        5
Comestibles
 b - 2 slices of pizza
 d - 4 chunks of flesh
 q - a bread ration
 C - 3 beef jerkies
 F - 2 meat rations


   Skills:
 + Level 8.9 Fighting
 + Level 8.7 Long Blades
 - Level 1.0 Armour
 + Level 7.5 Dodging
 - Level 2.0 Spellcasting
 - Level 5.0 Charms


You had 6 spell levels left.
You knew the following spells:

 Your Spells              Type           Power        Failure   Level  Hunger
a - Infusion              Chrm           ##....       4%          1    ##.....
b - Spectral Weapon       Hex/Chrm       #.......     34%         3    ####...
c - Regeneration          Chrm/Necr      #.........   34%         3    ####...


Dungeon Overview and Level Annotations

Branches:
Dungeon (8/15)             Temple (1/1) D:4            Lair (0/8) D:8

Altars:
Ashenzari
Cheibriados
Dithmenos
Elyvilon
Fedhas
Gozag
Kikubaaqudgha
Makhleb
Nemelex Xobeh
Okawaru
Qazlal
Ru
Sif Muna
Trog
Vehumet
Xom
Yredelemnul
Zin

Shops:
D:5 %   D:6 }   D:7 (?=*

Annotations:
D:1 1 exclusion
D:2 1 exclusion


Innate Abilities, Weirdness & Mutations

Your flesh is cold resistant.
Your magical capacity is low (-10% MP).
You heal slowly when monsters are visible.
Your muscles are strong. (Str +2)


Message History

Your spectral weapon closely misses the warg.
The warg bites you!
* * * LOW HITPOINT WARNING * * *
You are too injured to fight recklessly!
You are too injured to fight recklessly!
You are too injured to fight recklessly!
You are too injured to fight recklessly!
You are too injured to fight recklessly!
You are too injured to fight recklessly!
You hit the warg.
The warg is lightly wounded.
Your spectral weapon hits the warg!
The warg bites your spectral weapon!
Your spectral weapon shares its damage with you!
Your spectral weapon fades away.
* * * LOW HITPOINT WARNING * * *
The warg howls!
You closely miss the warg.
The warg is severely wounded.
The warg bites you!
You die...

###.##.........#.#........[...#.#
# #.####..######.#...#.####.##...
z##.####..# #.##.##.# #.#####
..).).....# #.......# #.#####
..#####..[# ####.#### #...... .##
#...# ####.## ####### . #...#
#.....# # #...# #.##..# #######
#######...######@#...# #.....#
#...>..........h.#.#.#####....<#
#.......)...............[......#
#...............[.....####..)..#
#######...#####........# #.....#
#.......# #..#..#..# ########
#.###...# #..#..#..# #...# #.
##...# #..##....# #...# #. #....#
#..##.#..###...###>


You could see a warg.

Vanquished Creatures
  Pikel (D:8)
  The ghost of Gargoyl the Ducker, an experienced DsAK of Lugonu (D:6)
  The ghost of Psiweapon the Covert, an experienced KoHu (D:5)
  A warg (D:8)
  A shadow (D:8)
  A hungry ghost (D:4)
  A water moccasin (D:4)
  3 ice beasts
  A phantom (D:6)
  2 sky beasts
  An ogre (D:8)
  A centaur (D:6)
  2 giant frogs
  2 scorpions (D:4)
  6 killer bees (D:7)
  4 crimson imps
  5 orc wizards
  2 giant frog zombies
  A giant frog skeleton (D:4)
  2 jellies
  3 hounds
  7 orc priests
  Jessica (D:2)
  4 centaur skeletons
  2 iguanas
  6 worker ants
  A hound zombie (D:5)
  4 gnolls (D:5)
  3 hound skeletons
  4 river rats (D:4)
  4 adders
  2 shadow imps
  3 oozes
  An adder skeleton (D:5)
  4 worms
  3 giant geckos
  20 orcs
  10 bats
  6 hobgoblins
  3 jackals (D:8)
  3 quokkas
  2 ball pythons
  6 giant cockroaches
  5 giant newts
  11 goblins
  A jackal skeleton (D:5)
  A jackal zombie (D:6)
  12 kobolds
  9 rats
180 creatures vanquished.

Vanquished Creatures (others)
  A warg (D:8)
  3 slaves (D:8)
  An orc wizard (D:8)
  2 orcs (D:8)
  6 plants (D:4)
  4 spectral weapons
17 creatures vanquished.

Grand Total: 197 creatures vanquished

Notes
Turn   | Place    | Note
--------------------------------------------------------------
     0 | D:1      | Magnus the Human Skald began the quest for the Orb.
     0 | D:1      | Reached XP level 1. HP: 16/16 MP: 3/3
   332 | D:1      | Reached XP level 2. HP: 22/22 MP: 5/5
   757 | D:1      | Reached XP level 3. HP: 26/28 MP: 6/6
  1813 | D:2      | Reached XP level 4. HP: 32/34 MP: 7/7
  1894 | D:2      | Found a white marble altar of Elyvilon.
  2432 | D:2      | Noticed Jessica
  2458 | D:2      | Killed Jessica
  3370 | D:3      | Reached XP level 5. HP: 41/41 MP: 8/8
  3569 | D:3      | Reached skill level 4 in Charms
  4263 | D:3      | Reached XP level 6. HP: 18/48 MP: 9/9
  5256 | D:4      | Reached XP level 7. HP: 43/55 MP: 10/10
  5436 | D:4      | Found a burning altar of Makhleb.
  5508 | D:4      | Reached skill level 5 in Charms
  5513 | D:4      | Learned a level 3 spell: Spectral Weapon
  5620 | D:4      | Noticed a water moccasin
  5634 | D:4      | Killed a water moccasin
  5947 | D:4      | Reached skill level 5 in Fighting
  6249 | D:4      | Reached XP level 8. HP: 57/62 MP: 7/11
  6278 | D:4      | Found a staircase to the Ecumenical Temple.
  6402 | Temple   | Entered the Ecumenical Temple
  6609 | Temple   | Became a worshipper of Ashenzari the Shackled
  6636 | Temple   | Learned a level 3 spell: Regeneration
  6676 | D:5      | Entered Level 5 of the Dungeon
  6758 | D:5      | Reached skill level 5 in Long Blades
  7013 | D:5      | Found Jist's Food Emporium.
  7022 | D:5      | Noticed Psiweapon's ghost (experienced KoHu)
  7496 | D:5      | Killed Psiweapon's ghost
  7496 | D:5      | Reached skill level 6 in Fighting
  7801 | D:5      | Reached XP level 9. HP: 42/71 MP: 12/12
  8811 | D:5      | Gained mutation: Your magical capacity is low (-10% MP). [potion of mutation]
  8811 | D:5      | Gained mutation: You are weak. (Str -2) [potion of mutation]
  8811 | D:5      | Gained mutation: You heal slowly when monsters are visible. [potion of mutation]
  8973 | D:6      | Gained mutation: Your flesh is cold resistant. [mutagenic meat]
  8974 | D:6      | Lost mutation: You are weak. (Str -2) [mutagenic meat]
  8975 | D:6      | Gained mutation: Your muscles are strong. (Str +2) [mutagenic meat]
  9155 | D:6      | Found a shadowy altar of Dithmenos.
  9155 | D:6      | Found a snail-covered altar of Cheibriados.
  9157 | D:6      | Found a basalt altar of Yredelemnul.
  9192 | D:6      | Found Wufil's Gadget Boutique.
  9243 | D:6      | Reached skill level 5 in Dodging
  9267 | D:6      | Reached skill level 7 in Fighting
  9611 | D:6      | Acquired Ashenzari's first power
 10017 | D:6      | Identified Lumick's Grimoire of Arcane Weapons (You found it on level 6 of the Dungeon)
 10132 | D:6      | Noticed Gargoyl's ghost (experienced DsAK)
 10266 | D:5      | Bought a royal jelly for 24 gold pieces
 10266 | D:5      | Bought a slice of pizza for 18 gold pieces
 10266 | D:5      | Bought a beef jerky for 18 gold pieces
 10266 | D:5      | Bought a meat ration for 60 gold pieces
 10266 | D:5      | Bought a beef jerky for 18 gold pieces
 10266 | D:5      | Bought a meat ration for 60 gold pieces
 11149 | D:6      | Killed Gargoyl's ghost
 11462 | D:7      | Found Gaibyloc's Magic Scroll Emporium.
 11496 | D:7      | Found Maup Roj's Jewellery Emporium.
 11547 | D:7      | Found Omonauf's Weapon Shop.
 11738 | D:7      | Found a bloodstained altar of Trog.
 11740 | D:7      | Found Wucry's General Store.
 11754 | D:7      | Reached XP level 10. HP: 80/80 MP: 11/11
 11768 | D:7      | Reached skill level 8 in Fighting
 12910 | D:8      | Noticed a skeletal warrior
 12922 | D:8      | HP: 4/82 [skeletal warrior/glaive (16)]
 13352 | D:8      | Noticed Pikel
 13370 | D:8      | Killed Pikel
 14082 | D:8      | Found a staircase to the Lair.
 14131 | D:8      | Noticed a skeletal warrior
 14148 | D:8      | Slain by a warg

Vault maps used:
D:1:      dpeg_arrival_rooms_b, serial_park_tiny_1, columned_hall_lemuel
D:2:      elyvilon_altar_5, first_bread, uniq_jessica
D:4:      wad_woods_stonehenge, minmay_temple_entry_butterflies,
          kennysheep_generic_room_4
D:5:      serial_shops, nicolae_shop_scaring_up_business
D:6:      nicolae_overflow_hidden_temple, serial_shops, shop,
          serial_bayou_pond_e
D:7:      serial_shops, kennysheep_mini_moat, shop, shop,
          nicolae_shop_waterfront, bloody_trog
D:8:      erik_lair_orcish_takeover, uniq_pikel, uniq_gastronok
Temple:   minmay_temple_curvy_14

Action                   |  1- 3 |  4- 6 |  7- 9 | 10-12 || total
-------------------------+-------+-------+-------+-------++-------
Melee: Falchion          |   130 |   285 |   585 |   241 ||  1241
 Cast: Spectral Weapon   |       |       |     8 |     5 ||    13
       Regeneration      |       |       |       |     1 ||     1
  Use: Scroll            |       |       |    12 |     1 ||    13
       Potion            |       |       |     8 |     7 ||    15
 Stab: Sleeping          |     1 |       |     1 |       ||     2
       Distracted        |       |     1 |     1 |     1 ||     3
  Eat: Chunk             |     3 |    11 |     9 |     5 ||    28
       Royal jelly       |       |       |     2 |       ||     2
       Bread ration      |       |       |     4 |       ||     4
       Beef jerky        |       |       |     1 |       ||     1
       Meat ration       |       |       |     2 |       ||     2
       Pizza             |       |       |     1 |       ||     1
       Fruit             |       |       |       |     3 ||     3
